 Dungeon Crawl Stone Soup version 0.20.0-10-g0535bb4 (webtiles) character file.

112723 McKennaii the Fencer (level 16, 0/127 HPs)
             Began as a Demonspawn Fighter on June 6, 2017.
             Was the Champion of Qazlal.
             Slain by a manticore (19 damage)
             ... on level 4 of the Shoals.
             The game lasted 01:08:47 (24294 turns).

McKennaii the Fencer (Demonspawn Fighter)          Turns: 24294, Time: 01:08:48

Health: 0/127      AC: 18    Str: 26    XL:     16   Next: 12%
Magic:  18/18      EV: 15    Int: 12    God:    Qazlal [******]
Gold:   2038       SH: 19    Dex: 21    Spells: 15/15 levels left

rFire    + + +     SeeInvis +   N - +3 scimitar (flame)
rCold    + + +     Gourm    .   v - +2 buckler of the King of the Hill {rElec rF++ rC+ Dex-4}
rNeg     . . .     Faith    .   Y - +0 scale mail of the Lobster {rC+ SInv}
rPois    +         Spirit   .   (helmet restricted)
rElec    +         Reflect  .   z - +2 cloak {+Inv}
rCorr    +         Harm     .   b - +0 pair of gloves
MR       +....                  a - +0 pair of boots
Stlth    +.........             B - amulet of the Queen {*Corrode rPois Regen+ Str+4 Dex+7}
Regen    0.8/turn               i - ring of protection from cold
MPRegen  0.2/turn               O - ring of resist corrosion

@: protected from physical damage, very slightly contaminated, hasted, repel
missiles, very quick
A: horns 2, thin skeletal structure 3, fire resistance 1, nightstalker 2, flame
cloud immunity
a: Upheaval, Elemental Force, Disaster Area, Renounce Religion, Evoke
Invisibility


You were on level 4 of the Shoals.
You worshipped Qazlal.
Qazlal was exalted by your worship.
You were near starving.

You visited 3 branches of the dungeon, and saw 25 of its levels.
You also visited: Sewer and Ice Cave.

You collected 2038 gold pieces.

Inventory:

Hand Weapons
 N - a +3 scimitar of flaming (weapon)
Missiles
 T - 134 bolts
Armour
 a - a +0 pair of boots (worn)
 b - a +0 pair of gloves (worn)
 v - the +2 buckler of the King of the Hill (worn) {rElec rF++ rC+ Dex-4}
   (You found it on level 5 of the Dungeon)

   It affects your dexterity (-4).
   It greatly protects you from fire.
   It protects you from cold.
   It insulates you from electricity.
 z - a +2 cloak of invisibility (worn)
 Y - the +0 scale mail of the Lobster (worn) {rC+ SInv}
   (You found it on level 6 of the Lair of Beasts)

   It protects you from cold.
   It lets you see invisible.
Jewellery
 i - a ring of protection from cold (left hand)
 B - the amulet of the Queen (around neck) {*Corrode rPois Regen+ Str+4 Dex+7}
   (You found it on level 6 of the Dungeon)

   [amulet of regeneration]

   It affects your strength (+4).
   It affects your dexterity (+7).
   It protects you from poison.
   It increases your rate of regeneration.
   It may corrode you when you take damage.
 G - a +2 ring of evasion
 O - a ring of resist corrosion (right hand)
Scrolls
 c - a scroll of torment {unknown}
 e - 5 scrolls of identify
 g - 12 scrolls of remove curse
 l - 9 scrolls of enchant armour
 m - 5 scrolls of recharging
 o - 3 scrolls of fear
 q - 10 scrolls of teleportation
 u - 4 scrolls of fog {unknown}
 A - 2 scrolls of enchant weapon
 E - 6 scrolls of amnesia {unknown}
 P - 2 scrolls of magic mapping
 Q - 4 scrolls of immolation {unknown}
 X - 2 scrolls of silence {unknown}
Potions
 d - 4 potions of might
 j - 9 potions of curing
 n - 4 potions of mutation
 r - a potion of haste
 t - a potion of brilliance
 x - 2 potions of agility
 C - 4 potions of lignification
 D - 2 potions of resistance
 I - a potion of flight {unknown}
 J - 2 potions of cancellation {unknown}
 M - 3 potions of berserk rage {unknown}
 U - a potion of magic {unknown}
 V - a potion of ambrosia {unknown}
Books
 w - a book of Battle

   Spells                             Type                      Level
   a - Infusion                       Charms                       1
   b - Shroud of Golubria             Charms/Translocation         2
   c - Song of Slaying                Charms                       2
   d - Spectral Weapon                Hexes/Charms                 3
   e - Regeneration                   Charms/Necromancy            3
 F - a book of Misfortune

   Spells                             Type                      Level
   a - Confusing Touch                Hexes                        1
   b - Confuse                        Hexes                        3
   c - Gell's Gravitas                Translocation                3
   d - Petrify                        Transmutation/Earth          4
   e - Metabolic Englaciation         Hexes/Ice                    5
   f - Yara's Violent Unravelling     Hexes/Transmutation          5
 K - a book of Conjurations

   Spells                             Type                      Level
   a - Magic Dart                     Conjuration                  1
   b - Searing Ray                    Conjuration                  2
   c - Dazzling Spray                 Conjuration/Hexes            3
   d - Fulminant Prism                Conjuration/Hexes            4
   e - Force Lance                    Conjuration/Translocation    4
   f - Iskenderun's Mystic Blast      Conjuration                  4
Miscellaneous
 s - a phial of floods
Comestibles
 f - 20 bread rations
 h - 19 royal jellies
 k - 11 meat rations
 L - 27 fruits


   Skills:
 + Level 12.3 Fighting
 * Level 15.0 Long Blades
 + Level 11.0 Armour
 + Level 5.8 Dodging
 + Level 14.7 Shields
 + Level 3.6 Invocations
 + Level 1.4 Evocations


You had 15 spell levels left.
You didn't know any spells.

Dungeon Overview and Level Annotations

Branches:
Dungeon (15/15)            Temple (0/1) D:5            Lair (6/6) D:10
 Shoals (4/4) Lair:2       Spider (0/4) Lair:4        Slime (0/5) Lair:6
    Orc (0/2) D:9          Vaults (0/5) D:14         Depths (0/5) D:15

Altars:
Ashenzari
Cheibriados
Fedhas
Gozag
Hepliaklqana
Makhleb
Nemelex Xobeh
Qazlal
Ru
Trog
Zin

Shops:
D:10 =   D:13 (   Shoals:1 :?   Shoals:2 =

Annotations:
Shoals:1 exclusion: obsidian statue
Shoals:4 Ilsuiw, Mara, Polyphemus


Innate Abilities, Weirdness & Mutations

You have a pair of horns on your head.
You have an unnaturally thin skeletal structure. (Dex +6, Stealth++)
Your flesh is heat resistant. (rF+)
You are significantly more attuned to the shadows.
You are immune to clouds of flame.


Message History

The merfolk siren hits you but does no damage.
You hear an angry hiss. x2
Found 20 gold pieces.
You enter the shallow water.
Moving in this stuff is going to be slow.
Your surroundings suddenly seem different.
The snapping turtle hisses angrily.
You hear a shout! x2
The snapping turtle is engulfed in freezing vapours.
The snapping turtle bites you from afar!!
* * * LOW HITPOINT WARNING * * *
A snapping turtle comes into view.
Blink to where?
Press: ? - help, Dir - move target cursor You are very lightly contaminated with residual magic.
As you read the scroll of blinking, it crumbles to dust.
The merfolk shouts! x2; You hear an angry hiss.
You hear a shout! x2
The merfolk throws a throwing net.
You block the throwing net.
A merfolk comes into view. It is wielding an antimagic halberd.
You feel yourself speed up. The manticore bites you!!
You die...

## ##.........
.≈.##..mm......
..H..†.........
....≈≈<≈≈..m..(
..(.≈≈≈≈....m..
....≈≈≈.....m..
....≈≈...§.....
....≈...H.§....
........§@§..... ≈≈≈≈≈
.....§...... ≈≈≈≈≈..
....§...Z..####.......
............#.........
#≈..........#.........
≈#≈.......t≈≈...Y.....
.....≈≈≈≈........
....≈tt≈≈≈≈≈.....
...≈≈≈≈≈≈≈≈≈≈≈≈≈≈


You could see a snapping turtle, 3 merfolk, a manticore and a hippogriff zombie.

Vanquished Creatures
  A dire elephant (D:15)
  3 merfolk javelineers
  Josephine (Lair:5)
  3 merfolk impalers
  An ogre mage (D:15)
  Fannar (D:12)
  10 hydras
  2 alligator snapping turtles
  3 centaur warriors
  A merfolk avatar (Shoals:1)
  8 two-headed ogres
  2 death yaks
  Sonja (D:11)
  2 unseen horrors
  9 sea snakes
  2 wizards (D:14)
  10 harpies
  2 deep elf magi
  2 wolf spiders
  3 cyclopes
  17 fauns
  8 ugly things
  2 oklob plants (Lair:6)
  6 manticores
  12 elephants (Lair:5)
  4 merfolk sirens
  4 centaur zombies
  4 water nymphs
  A naga mage (D:15)
  A guardian serpent (Lair:6)
  9 black mambas
  15 spiny frogs
  A gargoyle (D:14)
  3 ice statues (IceCv)
  An efreet (D:14)
  5 komodo dragons
  A redback zombie (D:15)
  2 rime drakes
  4 trolls
  A polar bear (Lair:3)
  3 harpy zombies (Shoals:4)
  4 wind drakes
  4 hornets
  A queen bee (Lair:2)
  A jumping spider (Lair:4)
  13 merfolk
  14 blink frogs
  5 slime creatures
  A snapping turtle (Shoals:3)
  10 dream sheep
  15 hippogriffs
  A vampire (D:15)
  4 water elementals
  5 redbacks
  A spriggan (D:7)
  7 wraiths
  47 yaks
  4 hungry ghosts
  2 basilisks
  10 wyverns
  3 vampire mosquitoes (D:15)
  A steam dragon (D:7)
  A soldier ant (D:14)
  17 water moccasins
  2 acid dragons
  6 porcupines
  2 hell hounds (D:10)
  21 ice beasts
  3 orc warriors
  2 black bears (Lair:3)
  An eye of draining (D:11)
  A sky beast (D:11)
  2 phantoms
  A necrophage (D:11)
  7 ogres
  19 wolves
  13 centaurs
  4 crocodiles
  2 big kobolds (D:11)
  15 bullfrogs
  A water moccasin skeleton (D:11)
  3 scorpions
  23 killer bees (Lair:2)
  4 wights (D:8)
  4 electric eels
  5 howler monkeys
  5 crimson imps
  10 hounds
  A bullfrog zombie (D:12)
  7 centaur skeletons
  A gnoll shaman (D:4)
  5 jellies
  Crazy Yiuf (D:3)
  7 orc priests
  A bullfrog skeleton (D:5)
  8 orc wizards
  6 worker ants
  A killer bee zombie (D:10)
  A hound zombie (D:5)
  3 gnolls (D:4)
  A shadow imp (D:5)
  11 adders
  An ooze (D:2)
  An adder zombie (D:9)
  5 worms
  3 adder skeletons
  3 dart slugs (D:3)
  7 leopard geckos
  30 orcs
  3 bats
  8 giant cockroaches
  4 goblins
  9 hobgoblins
  18 jackals
  3 quokkas
  8 ball pythons
  7 frilled lizards
  14 kobolds
  2 leopard gecko skeletons
  8 rats
  3 plants (Sewer)
689 creatures vanquished.

Vanquished Creatures (others)
  A harpy (Shoals:3)
  7 fungi
  19 plants
27 creatures vanquished.

Grand Total: 716 creatures vanquished

Notes
Turn   | Place    | Note
-------+----------+-------------------------------------------
     0 | D:1      | McKennaii the Demonspawn Fighter began the quest for the Orb.
     0 | D:1      | Reached XP level 1. HP: 18/18 MP: 1/1
    93 | D:1      | Reached skill level 2 in Long Blades
   171 | D:1      | Gained mutation: You have a somewhat thin skeletal structure. (Dex +2, Stealth) [demonic ancestry]
   171 | D:1      | Reached XP level 2. HP: 22/24 MP: 2/2
   250 | D:1      | Found a shattered altar of Ashenzari.
   708 | D:2      | Gained mutation: Your flesh is heat resistant. (rF+) [demonic ancestry]
   708 | D:2      | Reached XP level 3. HP: 26/29 MP: 3/3
   810 | D:2      | Found an opulent altar of Gozag.
   965 | D:2      | Found a snail-covered altar of Cheibriados.
  1382 | D:3      | Gained mutation: You have a moderately thin skeletal structure. (Dex +4, Stealth+) [demonic ancestry]
  1382 | D:3      | Reached XP level 4. HP: 35/35 MP: 4/4
  1386 | D:3      | Found a glowing drain.
  1420 | Sewer    | Entered a sewer
  1509 | Sewer    | Reached skill level 3 in Long Blades
  2501 | D:3      | Found a shattered altar of Ashenzari.
  2826 | D:3      | Gained mutation: You are immune to clouds of flame. [demonic ancestry]
  2826 | D:3      | Reached XP level 5. HP: 37/41 MP: 5/5
  2939 | D:3      | Found a runed door.
  3184 | D:4      | Found a stormy altar of Qazlal.
  3187 | D:4      | Noticed a water elemental
  3187 | D:4      | Noticed a fire elemental
  3187 | D:4      | Noticed an air elemental
  3605 | D:4      | Reached skill level 4 in Long Blades
  3864 | D:3      | Reached skill level 1 in Dodging
  3864 | D:3      | Reached XP level 6. HP: 23/48 MP: 6/6
  4251 | D:4      | Found a blossoming altar of Fedhas.
  4251 | D:4      | Found a sparkling altar of Nemelex Xobeh.
  4643 | D:4      | Became a worshipper of Qazlal Stormbringer
  4664 | D:5      | Entered Level 5 of the Dungeon
  4792 | D:4      | Gained mutation: You have a pair of small horns on your head. [demonic ancestry]
  4792 | D:4      | Reached XP level 7. HP: 51/54 MP: 7/7
  4853 | D:5      | Got a shimmering buckler
  4864 | D:5      | Identified the +2 buckler of the King of the Hill {rElec rF++ rC+ Dex-4} (You found it on level 5 of the Dungeon)
  4958 | D:5      | Reached skill level 5 in Long Blades
  5263 | D:5      | Found a sacrificial altar of Ru.
  5331 | D:5      | Found a staircase to the Ecumenical Temple.
  6096 | D:3      | Reached XP level 8. HP: 12/61 MP: 8/8
  6466 | D:3      | Noticed Crazy Yiuf
  6483 | D:3      | Killed Crazy Yiuf
  6594 | D:6      | Reached skill level 5 in Armour
  6633 | D:6      | Reached skill level 6 in Long Blades
  6653 | D:6      | Found a burning altar of Makhleb.
  6705 | D:6      | Got a scorched lead amulet
  6772 | D:6      | Identified the amulet of the Queen {*Corrode rPois Regen+ Str+4 Dex+7} (You found it on level 6 of the Dungeon)
  6892 | D:6      | Found a bloodstained altar of Trog.
  6893 | D:6      | Reached * piety under Qazlal
  6940 | D:6      | Found a glowing silver altar of Zin.
  7230 | D:7      | Reached skill level 5 in Fighting
  7365 | D:7      | Noticed a hippogriff
  7378 | D:7      | Killed a hippogriff
  7378 | D:7      | Reached skill level 7 in Long Blades
  7821 | D:8      | Found a hazy altar of Hepliaklqana.
  7874 | D:8      | Reached skill level 5 in Shields
  7897 | D:8      | Gained mutation: You have an unnaturally thin skeletal structure. (Dex +6, Stealth++) [demonic ancestry]
  7897 | D:8      | Reached XP level 9. HP: 50/68 MP: 9/9
  7983 | D:8      | Noticed a two-headed ogre
  7999 | D:8      | Killed a two-headed ogre
  7999 | D:8      | Reached skill level 8 in Long Blades
  8107 | D:8      | Noticed a two-headed ogre
  8259 | D:8      | Reached ** piety under Qazlal
  8444 | D:8      | Found a burning altar of Makhleb.
  8925 | D:9      | Reached skill level 1 in Evocations
  8937 | D:9      | Found a staircase to the Orcish Mines.
  9051 | D:9      | Reached XP level 10. HP: 68/76 MP: 10/10
  9459 | D:10     | Entered Level 10 of the Dungeon
  9548 | D:10     | Found a staircase to the Lair.
  9595 | D:10     | Reached skill level 9 in Long Blades
  9656 | D:10     | Got a twisted rapier
  9657 | D:10     | Identified the +7 rapier "Fuudyph" {drain, rPois rF+} (You found it on level 10 of the Dungeon)
  9700 | D:10     | Killed an unseen horror
  9833 | D:10     | Found Ului's Jewellery Boutique.
 10202 | D:11     | Noticed Sonja
 10299 | D:11     | Killed Sonja
 10299 | D:11     | Reached skill level 10 in Long Blades
 10412 | D:11     | Reached skill level 1 in Invocations
 10412 | D:11     | Reached XP level 11. HP: 84/84 MP: 11/11
 10667 | D:11     | Noticed a two-headed ogre
 10677 | D:11     | Killed a two-headed ogre
 10702 | D:11     | Reached *** piety under Qazlal
 10969 | D:12     | Noticed Fannar
 10990 | D:12     | Killed Fannar
 11124 | D:12     | Found a frozen archway.
 11159 | IceCv    | Entered an ice cave
 11191 | IceCv    | Noticed a white ugly thing
 11196 | IceCv    | Killed a white ugly thing
 11227 | IceCv    | Noticed a white ugly thing
 11387 | IceCv    | Killed a white ugly thing
 11446 | IceCv    | Got an iridescent broad axe
 11447 | IceCv    | Identified the +11 broad axe of Purpose {flame, +Inv rElec Stlth+} (You found it in an ice cave)
 11590 | D:12     | Noticed a deep elf mage
 11598 | D:12     | Killed a deep elf mage
 11651 | D:12     | Reached XP level 12. HP: 74/94 MP: 13/13
 11664 | D:12     | Reached **** piety under Qazlal
 11753 | D:12     | Reached skill level 10 in Shields
 12151 | D:13     | Noticed a two-headed ogre
 12279 | D:13     | Reached skill level 11 in Long Blades
 12604 | D:13     | Noticed a two-headed ogre
 12607 | D:13     | Found Sucoimao's Antique Weapon Shop.
 12610 | D:13     | Killed a two-headed ogre
 12931 | D:14     | Noticed a centaur warrior
 12942 | D:14     | Killed a centaur warrior
 13022 | D:14     | Noticed a two-headed ogre
 13033 | D:14     | Killed a two-headed ogre
 13068 | D:14     | Noticed a two-headed ogre
 13073 | D:14     | Killed a two-headed ogre
 13084 | D:14     | Found a gate to the Vaults.
 13090 | D:14     | Gained mutation: You have a pair of horns on your head. [demonic ancestry]
 13090 | D:14     | Reached XP level 13. HP: 86/102 MP: 15/15
 13262 | D:14     | Reached skill level 10 in Fighting
 13783 | D:15     | Entered Level 15 of the Dungeon
 13876 | D:15     | Reached ***** piety under Qazlal
 14002 | D:15     | Noticed a dire elephant
 14020 | D:15     | Killed a dire elephant
 14195 | D:15     | Reached skill level 12 in Long Blades
 14231 | D:15     | Found a staircase to the Depths.
 15008 | Lair:1   | Entered Level 1 of the Lair of Beasts
 16107 | Lair:2   | Found a staircase to the Shoals.
 16180 | Lair:2   | Gained mutation: You are slightly more attuned to the shadows. [demonic ancestry]
 16180 | Lair:2   | Reached XP level 14. HP: 102/111 MP: 16/16
 16697 | Lair:3   | Reached skill level 10 in Armour
 17521 | Lair:4   | Reached skill level 13 in Long Blades
 17935 | Lair:4   | Found a hole to the Spider Nest.
 18261 | Lair:5   | Reached ****** piety under Qazlal
 18758 | Lair:6   | Entered Level 6 of the Lair of Beasts
 18765 | Lair:6   | Noticed Josephine
 19133 | Lair:5   | Reached skill level 14 in Long Blades
 19366 | Lair:5   | Killed Josephine
 19516 | Lair:6   | Gained mutation: You are significantly more attuned to the shadows. [demonic ancestry]
 19516 | Lair:6   | Reached XP level 15. HP: 111/119 MP: 17/17
 20371 | Lair:6   | Found a staircase to the Slime Pits.
 20599 | Lair:6   | Got a scorched scale mail
 20617 | Lair:6   | Identified the cursed +0 scale mail of the Lobster {rC+ SInv} (You found it on level 6 of the Lair of Beasts)
 20774 | Shoals:1 | Entered Level 1 of the Shoals
 20774 | Shoals:1 | Found Saolum's Magic Scroll Boutique.
 21400 | Shoals:1 | Found Imakicux's Book Shop.
 21865 | Shoals:2 | Reached skill level 5 in Dodging
 21885 | Shoals:2 | Found Omisism's Jewellery Emporium.
 23483 | Shoals:4 | Entered Level 4 of the Shoals
 23494 | Shoals:4 | Noticed Ilsuiw
 23506 | Shoals:4 | Noticed Polyphemus
 23812 | Shoals:4 | Noticed Mara
 23814 | Shoals:4 | Reached skill level 15 in Long Blades
 23910 | Shoals:3 | Reached XP level 16. HP: 121/127 MP: 18/18
 24294 | Shoals:4 | Slain by a manticore

Skill      XL: |  1  2  3  4  5  6  7  8  9 10 11 12 13 14 15 |
---------------+----------------------------------------------+-----
Long Blades    | 2 3 4 5 7 8 10 11 12 14 15 | 15.0
Shields        | 3 4 5 6 7 9 11 12 13 14 | 14.7
Armour         | 3 4 5 6 7 8 9 10 11 | 11.0
Dodging        | 1 2 3 4 5 |  5.8
Fighting       | 4 5 6 7 8 9 10 11 12 | 12.3
Evocations     | 1 |  1.4
Invocations    | 1 2 3 |  3.6

Action                   |  1- 3 |  4- 6 |  7- 9 | 10-12 | 13-15 | 16-18 || total
-------------------------+-------+-------+-------+-------+-------+-------++-------
Melee: Long sword        |   137 |   367 |   343 |   104 |       |       ||   951
       Headbutt          |       |       |   105 |   240 |   390 |    23 ||   758
       Rapier            |       |       |       |   599 |   131 |       ||   730
       Scimitar          |       |       |       |       |  1030 |    57 ||  1087
Invok: Upheaval          |       |       |     1 |     4 |     5 |       ||    10
Evoke: Wand              |       |       |     4 |       |     7 |       ||    11
       Phial of floods   |       |       |       |       |     1 |       ||     1
  Use: Scroll            |       |       |     4 |     1 |    23 |     2 ||    30
       Potion            |       |       |       |       |    13 |     1 ||    14
 Stab: Sleeping          |       |     1 |       |       |       |       ||     1
       Distracted        |       |       |       |       |     1 |       ||     1
  Eat: Chunk             |     2 |    12 |    14 |    20 |    29 |       ||    77
       Fruit             |       |       |     1 |       |     3 |       ||     4
       Royal jelly       |       |       |     1 |       |       |       ||     1
       Meat ration       |       |       |       |       |     1 |       ||     1
Armor: Scale mail        |    82 |   141 |    26 |       |   112 |    22 ||   383
       Chain mail        |       |       |   120 |   178 |   263 |       ||   561
       Skin              |       |       |       |       |     9 |       ||     9
Dodge: Dodged            |    40 |   114 |   115 |   220 |   480 |    29 ||   998
       Deflected         |       |       |       |     3 |    24 |     3 ||    30
Block: Shield            |    66 |   177 |     3 |       |       |       ||   246
       Buckler           |       |       |   161 |   395 |  1086 |    75 ||  1717
       Rpst.: Long sword |     9 |    37 |    34 |    15 |       |       ||    95
       Scimitar          |       |       |       |       |    97 |     8 ||   105
